 Dungeon Crawl Stone Soup version 0.29.1-15-g9cfb28693d (webtiles) character file.

Game seed: 4157999994253190012

5008 kingofthe the Nimble (level 10, -16/50 HPs)
             Began as a Deep Elf Conjurer on Feb 27, 2023.
             Was a Follower of Sif Muna.
             Demolished by a two-headed ogre
             ... wielding a +0 giant spiked club
              (24 damage)
             ... on level 10 of the Dungeon.
             The game lasted 00:40:23 (13479 turns).

kingofthe the Nimble (Deep Elf Conjurer)           Turns: 13479, Time: 00:40:24

Health: -16/50     AC:  7    Str:  6    XL:     10   Next: 29%
Magic:  7/33       EV: 19    Int: 24    God:    Sif Muna [*.....]
Gold:   719        SH:  9    Dex: 21    Spells: 9/25 levels left

rFire   . . .      SeeInvis .   a - +2 dagger (elec)
rCold   . . .      Faith    .   u - +0 buckler
rNeg    . . .      Spirit   .   r - +2 animal skin
rPois   .          Reflect  +   s - +0 helmet
rElec   .          Harm     .   w - +1 cloak
rCorr   .          Rampage  .   (no gloves)
Will    +....                   (no boots)
Stlth   +++.......              C - amulet of reflection
HPRegen 0.16/turn               D - +6 ring of dexterity
MPRegen 0.23/turn               M - ring of magical power

@: about to teleport, studying Unarmed Combat
A: no striking features
a: Renounce Religion, Channel Magic


You were on level 10 of the Dungeon.
You worshipped Sif Muna.
Sif Muna was aware of your devotion.
You visited 2 branches of the dungeon, and saw 11 of its levels.

You collected 719 gold pieces.


   Skills:
 * Level 9.8 Dodging
 + Level 5.4 Stealth
 + Level 8.4 Spellcasting
 + Level 8.0 Conjurations
 - Level 8.0 Hexes
 - Level 6.0 Translocations
 * Level 2.3 Fire Magic
 * Level 2.5 Invocations


You had 9 spell levels left.
You knew the following spells:

 Your Spells              Type           Power      Damage    Failure   Level
a - Magic Dart            Conj           100%       1d8       1%          1
b - Searing Ray           Conj           96%        2d7       1%          2
c - Fulminant Prism       Conj/Hex       24%        3d13      3%          4
d - Conjure Flame         Conj/Fire      35%        6-21      3%          3
e - Sticky Flame          Conj/Fire      35%        2d5       10%         4
z - Blink                 Tloc           76%        N/A       1%          2

Your spell library contained the following spells:

 Spells                   Type           Power      Damage    Failure   Level
 Dazzling Flash           Conj/Hex       96%        N/A       1%          3
 Iskenderun's Mystic Bla  Conj/Tloc      43%        2d10      4%          4
 Necrotise                Necr           40%        1d6       9%          1
 Ignite Poison            Fire/Tmut/Pois 13%        N/A       19%         3
 Manifold Assault         Tloc           38%        N/A       21%         5
 Vampiric Draining        Necr           10%        2d6       26%         3
 Animate Dead             Necr           10%        N/A       63%         4
 Agony                    Necr           10%        N/A       93%         5
 Haunt                    Necr/Summ      5%         N/A       100%        7
 Storm Form               Tmut/Air       5%         N/A       100%        7
 Infestation              Necr           5%         N/A       100%        8

Inventory:

Hand Weapons
 a - a +2 dagger of electrocution (weapon)
 b - a +2 dagger of venom
 t - a +1 spear of venom
 x - a +2 dagger of electrocution
 F - a +2 dagger of freezing
Armour
 r - a +2 animal skin (worn)
 s - a +0 helmet (worn)
 u - a +0 buckler (worn)
 w - a +1 cloak (worn)
 B - a +3 leather armour
 H - a scarf of invisibility
Magical Staves
 A - a staff of earth {!a}
Jewellery
 h - an amulet of the acrobat
 C - an amulet of reflection (around neck)
 D - a +6 ring of dexterity (left hand)
 M - a ring of magical power (right hand)
 T - an amulet of faith {!P}
Wands
 j - a wand of paralysis (14)
 l - a wand of mindburst (11)
 y - a wand of acid (8)
 N - a wand of roots (7)
Scrolls
 c - a scroll of identify {@r1}
 d - 5 scrolls of amnesia
 g - a scroll of butterflies {unknown}
 k - 5 scrolls of teleportation {@r2}
 m - 3 scrolls of vulnerability
 o - 2 scrolls of blinking
 q - a scroll of enchant armour {unknown}
 I - a scroll of torment
 J - 3 scrolls of poison
 K - 3 scrolls of immolation
 L - a scroll of brand weapon
 R - a scroll of fear
Potions
 e - a potion of cancellation
 f - 4 potions of brilliance
 i - a potion of curing {@q1}
 n - 4 potions of heal wounds {@q2}
 p - 4 potions of flight
 v - 2 potions of resistance
 E - a potion of might
 G - 2 potions of mutation
 P - a potion of magic
 U - a potion of haste {@q3}
Miscellaneous
 S - a tin of tremorstones (2/2)

Dungeon Overview and Level Annotations

Branches:
Dungeon (10/15)            Temple (1/1) D:7            Lair (0/5) D:9
    Orc (0/2) D:10

Altars:
Ashenzari
Cheibriados
Dithmenos
Elyvilon
Fedhas
Gozag
Hepliaklqana
Kikubaaqudgha
Makhleb
Nemelex Xobeh
Okawaru
Qazlal
Ru
Sif Muna
Trog
Uskayaw
Vehumet
Wu Jian
Xom
Yredelemnul
Zin
The Shining One

Shops:
D:7 =

Annotations:
D:8 1 transporter
D:10 exclusion: door

#..#...#..#### #.#..........#.
###################.######.[#..#.
..................#.........#....
...<..............#.........#....
..................#####.##..#####
..................#..#..#........
...........Y......#..#..#........
#####........#....##.#####..####.
.†...........#.O@.......>#.....#.
.............#...........#.....#.
.Y....(......#...........#.....#.
#######################..#######.
......... #...................
......... #...................
Y........ #...................
.......Y. #...................
......... #...................


You could see a two-headed ogre and a yak.


Message History

Confirm with . or Enter, or press ? or * to list all spells.
Aiming: Fulminant Prism (dangerous; 3% risk of failure)
Press: ? - help, Dir - move target You conjure a prism of explosive energy!
A fulminant prism comes into view.
Your fulminant prism crackles loudly.
Your fulminant prism explodes!
The blast of energy engulfs the two-headed ogre!!
The two-headed ogre is heavily wounded.
The blast of energy engulfs you!!
Casting: Fulminant Prism (dangerous; 3% risk of failure)
Confirm with . or Enter, or press ? or * to list all spells.
Aiming: Fulminant Prism (dangerous; 3% risk of failure)
Press: ? - help, Dir - move target You conjure a prism of explosive energy!
A fulminant prism comes into view.
Your fulminant prism crackles loudly.
Your fulminant prism explodes!
Sif Muna accepts your kill.
You feel a bit more experienced.
As you read the scroll of teleportation {@r2}, it crumbles to dust.
You feel strangely unstable.
The two-headed ogre hits you with a +0 giant spiked club!!
Ouch! That really hurt!
* * * LOW HITPOINT WARNING * * *
The two-headed ogre completely misses you.
The two-headed ogre attacks as you move away!
You block the two-headed ogre's attack.
The two-headed ogre hits you with a +0 giant club!!
You die...

Skill      XL: |  1  2  3  4  5  6  7  8  9 10 |
---------------+-------------------------------+-----
Stealth        | 3 4 5 |  5.4
Dodging        | 3 4 5 6 7 9 |  9.8
Conjurations   | 5 6 7 8 |  8.0
Spellcasting   | 4 5 6 7 8 |  8.4
Translocations | 2 3 4 6 |  6.0
Hexes          | 1 2 5 7 8 |  8.0
Fire Magic     | 2 |  2.3
Invocations    | 2 |  2.5

Action                   |  1- 3 |  4- 6 |  7- 9 | 10-12 || total
-------------------------+-------+-------+-------+-------++-------
Melee: Dagger            |       |       |     2 |       ||     2
 Cast: Magic Dart        |    76 |   105 |   111 |     4 ||   296
       Searing Ray       |     3 |    17 |    65 |     4 ||    89
       Fulminant Prism   |       |       |    24 |    17 ||    41
  Use: Potion            |       |     1 |       |       ||     1
       Scroll            |       |       |     2 |    18 ||    20
Armor: Animal skin       |       |       |    13 |       ||    13
Dodge: Dodged            |     6 |    12 |    85 |     3 ||   106
Block: Other             |       |       |    16 |       ||    16
       Reflection        |       |       |     2 |       ||     2
       Buckler           |       |       |       |     1 ||     1

Levels and vault maps discovered:
D:1:      doesnt_arrival_eight_statues, layout_loops_corners,
          shapermc_ecumenical_altar_mp_ritualfount
D:2:      layout_basic, moated_statue, minmay_crystal_room
D:3:      layout_basic, minmay_goblin_outpost, uniq_sigmund, uniq_robin
D:4:      layout_basic, uniq_ijyb
D:5:      layout_gridville, cheibriados_altar_1
D:6:      layout_loops_ring, grunt_decor_one_mirror, minivault_10
D:7:      layout_basic, minmay_temple_entry_junction, nicolae_shop_unique_rings
D:8:      layout_gridville, nicolae_diode_basic
D:9:      layout_gridville, erik_lair_orcish_takeover, nicolae_two_hexagons
D:10:     layout_grid_maze, kennysheep_orc_monster_closet_entryway
Temple:   nicolae_temple_bog_church

Notes
Turn   | Place    | Note
-------+----------+-------------------------------------------
     0 | D:1      | kingofthe the Deep Elf Conjurer began the quest for the
                  | Orb.
     0 | D:1      | Reached XP level 1. HP: 10/10 MP: 6/6
   401 | D:1      | Found a faded altar of an unknown god.
   516 | D:1      | Reached XP level 2. HP: 11/15 MP: 4/8
   760 | D:1      | Learned a level 2 spell: Searing Ray
  1261 | D:2      | Reached skill level 3 in Stealth
  1365 | D:2      | Reached skill level 3 in Dodging
  1365 | D:2      | Reached XP level 3. HP: 19/19 MP: 5/10
  2405 | D:2      | Reached XP level 4. HP: 24/24 MP: 7/11
  2534 | D:3      | Noticed Sigmund
  2535 | D:3      | Reached skill level 5 in Conjurations
  2556 | D:3      | Killed Sigmund
  2557 | D:3      | Reached skill level 4 in Dodging
  2557 | D:3      | Reached skill level 4 in Stealth
  2557 | D:3      | Reached skill level 4 in Spellcasting
  2557 | D:3      | Reached XP level 5. HP: 24/28 MP: 4/14
  2680 | D:3      | Noticed Robin
  2810 | D:3      | Reached XP level 6. HP: 32/32 MP: 8/15
  2879 | D:3      | Learned a level 2 spell: Blink
  2912 | D:3      | Killed Robin
  3149 | D:3      | Reached skill level 5 in Spellcasting
  3365 | D:3      | Reached skill level 1 in Translocations
  3370 | D:3      | Learned a level 4 spell: Fulminant Prism
  5055 | D:4      | Noticed Ijyb
  5064 | D:4      | Killed Ijyb
  5065 | D:4      | Reached skill level 5 in Stealth
  5412 | D:4      | Reached skill level 5 in Dodging
  5819 | D:4      | Reached skill level 1 in Hexes
  5819 | D:4      | Reached skill level 2 in Translocations
  5819 | D:4      | Reached XP level 7. HP: 36/36 MP: 17/17
  6102 | D:5      | Entered Level 5 of the Dungeon
  6437 | D:5      | Reached skill level 6 in Conjurations
  6724 | D:5      | Found a snail-covered altar of Cheibriados.
  6830 | D:5      | Reached skill level 2 in Hexes
  6830 | D:5      | Reached skill level 3 in Translocations
  7315 | D:6      | Reached skill level 6 in Dodging
  7421 | D:6      | Reached skill level 6 in Spellcasting
  7421 | D:6      | Reached XP level 8. HP: 41/41 MP: 19/19
  7872 | D:6      | Reached skill level 3 in Hexes
  7872 | D:6      | Reached skill level 4 in Translocations
  8310 | D:7      | Found a staircase to the Ecumenical Temple.
  8328 | Temple   | Entered the Ecumenical Temple
  8341 | Temple   | Became a worshipper of Sif Muna the Loreminder
  8547 | D:7      | Reached skill level 7 in Dodging
  8547 | D:7      | Reached skill level 4 in Hexes
  8894 | D:7      | Found Tizxieme's One-of-a-Kind Rings.
  9339 | D:8      | Reached skill level 5 in Hexes
  9833 | D:8      | Reached skill level 7 in Spellcasting
  9889 | D:8      | Reached XP level 9. HP: 38/45 MP: 20/21
  9953 | D:8      | Reached skill level 7 in Conjurations
  9953 | D:8      | Reached skill level 5 in Translocations
 10014 | D:8      | Found a transporter.
 10259 | D:8      | Reached skill level 8 in Dodging
 10425 | D:8      | Reached skill level 6 in Hexes
 10995 | D:9      | Noticed a troll
 11152 | D:9      | Reached * piety under Sif Muna
 11282 | D:9      | Reached skill level 7 in Hexes
 11423 | D:9      | Found a staircase to the Lair.
 11558 | D:9      | Noticed a troll
 11564 | D:9      | Killed a troll
 11565 | D:9      | Reached skill level 9 in Dodging
 11643 | D:9      | Reached skill level 8 in Spellcasting
 11999 | D:9      | Killed a troll
 12000 | D:9      | Reached skill level 6 in Translocations
 12199 | D:10     | Entered Level 10 of the Dungeon
 12228 | D:10     | Learned a level 3 spell: Conjure Flame
 12262 | D:10     | Noticed a kobold demonologist
 12265 | D:10     | Noticed a sixfirhy
 12267 | D:10     | Noticed a hellwing
 12563 | D:9      | Reached XP level 10. HP: 29/50 MP: 14/24
 12829 | D:9      | Reached skill level 8 in Hexes
 12829 | D:9      | Reached skill level 1 in Fire Magic
 12829 | D:9      | Reached skill level 1 in Invocations
 12864 | D:9      | Identified 2 potions of resistance
 12945 | D:10     | Noticed a two-headed ogre
 13136 | D:10     | Found a staircase to the Orcish Mines.
 13418 | D:10     | Learned a level 4 spell: Sticky Flame
 13464 | D:10     | Reached skill level 2 in Fire Magic
 13464 | D:10     | Reached skill level 2 in Invocations
 13468 | D:10     | Reached skill level 8 in Conjurations
 13479 | D:10     | Demolished by a two-headed ogre

Vanquished Creatures
  A kobold demonologist (D:9)
  2 trolls (D:9)
  Sigmund (D:3)
  A wyvern (D:8)
  5 yaks (D:10)
  2 wargs (D:9)
  2 ice beasts
  3 orc warriors
  A sky beast (D:6)
  A phantom (D:5)
  A centaur (D:8)
  3 kobold brigands
  4 bullfrogs
  3 necrophages
  A gnoll sergeant (D:10)
  A scorpion (D:4)
  8 wights
  5 killer bees (D:9)
  9 orc priests
  3 hounds
  A jelly (D:5)
  3 iguanas
  Ijyb (D:4)
  5 orc wizards
  Robin (D:3)
  5 adders
  5 gnolls (D:10)
  A shadow imp (D:5)
  A white imp (D:6)
  An ufetubus (D:3)
  A worm (D:2)
  4 dart slugs
  33 orcs
  5 ball pythons
  7 endoplasms
  3 giant cockroaches
  8 hobgoblins
  11 jackals
  3 quokkas
  8 bats
  5 frilled lizards
  21 goblins
  16 kobolds
  4 rats
210 creatures vanquished.

Vanquished Creatures (others)
  41 fulminant prisms
  2 plants (D:1)
43 creatures vanquished.

Grand Total: 253 creatures vanquished

Table legend: (Time is in decaauts)
 A = Elapsed time spent in this place.
 B = Non-inter-level travel time spent in this place.
 C = Inter-level travel time spent in this place.
 D = Time resting spent in this place.
 E = Time spent auto-exploring this place.
 F = Levels seen in this place.
 G = Mean time per level.
                   A        B        C        D        E       F      G
               +--------+--------+--------+--------+--------+-----+--------+
         Total |  13489 |  12785 |    704 |   1382 |   9810 |  11 | 1226.3 |
       Dungeon |  13317 |  12635 |    682 |   1382 |   9681 |  10 | 1331.7 |
        Temple |    172 |    150 |     22 |      0 |    129 |   1 |  172.0 |
               +--------+--------+--------+--------+--------+-----+--------+

Top non-repeatable levels by time:
     D:3: 2483 daAuts
     D:8: 1662 daAuts
     D:9: 1607 daAuts
     D:2: 1320 daAuts
     D:7: 1189 daAuts
     D:1: 1166 daAuts
     D:4: 1127 daAuts
     D:5: 1124 daAuts
     D:6: 998 daAuts
    D:10: 635 daAuts
  Temple: 172 daAuts

Table legend:
 A = Non-vault XP
 B = Vault XP
 C = Vault XP percentage of total XP
 D = Non-vault monster count
 E = Vault monster count
 F = Vault count percentage of total count
                 A         B        C        D         E       F
            +---------+---------+-------+---------+---------+-------
      Total |    6236 |     919 |  12.8 |     179 |      31 |  14.8
            +---------+---------+-------+---------+---------+-------
        D:1 |      24 |       0 |   0.0 |      12 |       0 |   0.0
        D:2 |      77 |       0 |   0.0 |      27 |       0 |   0.0
        D:3 |     195 |     294 |  60.1 |      36 |      22 |  37.9
        D:4 |     184 |      36 |  16.4 |      10 |       1 |   9.1
        D:5 |     431 |       0 |   0.0 |      14 |       0 |   0.0
        D:6 |     495 |       0 |   0.0 |      16 |       0 |   0.0
        D:7 |     585 |       0 |   0.0 |       7 |       0 |   0.0
        D:8 |    1243 |       0 |   0.0 |      24 |       0 |   0.0
        D:9 |    1774 |     589 |  24.9 |      20 |       8 |  28.6
       D:10 |    1228 |       0 |   0.0 |      13 |       0 |   0.0
            +---------+---------+-------+---------+---------+-------
